[Event "Early-Titled-Tuesday-Blitz-March-26-2024"]
[Site "Chess.com"]
[Date "2024.03.26"]
[Round "9"]
[White "verrbaa"]
[Black "C_K_G"]
[Result "1-0"]
[WhiteElo "2486"]
[BlackElo "2257"]
[TimeControl "180+1"]
[EndTime "9:43:14 PDT"]
[Termination "verrbaa won by checkmate"]

1. e4 c5 2. Nf3 d6 3. d4 cxd4 4. Nxd4 Nf6 5. Nc3 a6 6. Be2 e5 7. Nf3 Be6 8. Ng5 Be7 9. Nxe6 fxe6 10. Bh5+ g6 11. Bg4 Nxg4 12. Qxg4 Qd7 13. Be3 O-O 14. h4 Bf6 15. h5 Qf7 16. O-O-O Rd8 17. Bb6 Rd7 18. Ne2 Nc6 19. f4 exf4 20. Nxf4 Ne5 21.
Qxe6 Bg5 22. Qxf7+ Rxf7 23. g3 Bxf4+ 24. gxf4 Rxf4 25.
hxg6 hxg6 26. Rxd6 Rxe4 27. Bd4 Re8 28. b3 g5 29. Bc3 g4 30. Rdh6 Re2 31. Rh8+ Kf7 32. R1h7+ Kg6 33. Rxe8 Nd3+ 34. cxd3 Rxe8 35. Rg7+ Kf5 36.
Kd2 b5 37. Bd4 Kf4 38. Be3+ Kf3 39. Rf7+ Kg2 40. Ke2 g3 41. Rg7 Kh3 42. Kf3 Rf8+ 43. Bf4 g2 44. Rh7# 1-0

[Event "Early-Titled-Tuesday-Blitz-March-26-2024"]
[Site "Chess.com"]
[Date "2024.03.26"]
[Round "9"]
[White "Vahe_Danielyan"]
[Black "AlainBruxelles"]
[Result "1-0"]
[WhiteElo "2605"]
[BlackElo "2378"]
[TimeControl "180+1"]
[EndTime "9:43:14 PDT"]
[Termination "Vahe_Danielyan won by resignation"]

1. d4 d5 2. Nc3 Bf5 3. Bf4 e6 4. e3 Bb4 5. f3 c5 6. g4 Bg6 7. h4 h5 8. g5 Qa5 9. Qd2 Nc6 10. Bd3 Nge7 11. Nge2 cxd4 12. exd4 O-O 13. Kf2 Qb6 14. Be3 Bxd3 15. Qxd3 Nf5 16. Nxd5 Qd8 17. Nf6+ gxf6 18.
gxf6 Qxf6 19. Rag1+ Kh8 20. Rg5 Rg8 21. Rxh5+ Kg7 22.
Bg5 Qg6 23. Nf4 Rgd8 24. Nxg6 fxg6 25. Bxd8 gxh5 26. Rg1+ Kf7 27. Bg5 Bd6 28. c3 Rg8 29.
Qe4 Rg7 30. Bf4 Bxf4 31. Rxg7+ Kxg7 32. Qxf4 Nce7 33. Qc7 Kf6 34. Qxb7 Nxh4 35. Qxa7 Nhf5 36. b4 h4 37. Qc7 Ng6 38. b5 h3 39. b6 1-0

[Event "Early-Titled-Tuesday-Blitz-March-26-2024"]
[Site "Chess.com"]
[Date "2024.03.26"]
[Round "9"]
[White "vladislavkovalev"]
[Black "wonderfultime"]
[Result "0-1"]
[WhiteElo "2870"]
[BlackElo "3001"]
[TimeControl "180+1"]
[EndTime "9:43:15 PDT"]
[Termination "wonderfultime won on time"]

1. e4 e5 2. Nf3 Nc6 3. Bb5 a6 4. Ba4 Bc5 5. c3 Nge7 6. d4 exd4 7. cxd4 Bb4+ 8. Bd2 Bxd2+ 9. Nbxd2 d5 10. e5 O-O 11. h3 f6 12. exf6 Rxf6 13. O-O Ng6 14. Bxc6 Rxc6 15. Re1 Nf4 16. Nf1 Rf6 17. Ng3 Qf8 18.
Re3 Bd7 19. Ne5 Be6 20. f3 c5 21. Ne2 Nxe2+ 22. Rxe2 Rd8 23. Qd2 cxd4 24. Rae1 h6 25. Qxd4 Rf4 26. Qb6 Rf6 27. Qxb7 d4 28. Qxa6 Bxh3 29.
Qc4+ Be6 30. Qc1 Bf5 31. Rd2 d3 32. Qc3 Kh7 33. Nc4 Qc5+ 34. Ne3 Qa7 35. Kh2 Bg6 36. Ng4 Rf5 37. Re3 h5 0-1

[Event "Early-Titled-Tuesday-Blitz-March-26-2024"]
[Site "Chess.com"]
[Date "2024.03.26"]
[Round "9"]
[White "Hamisandwich"]
[Black "Staudenhocker43"]
[Result "0-1"]
[WhiteElo "2699"]
[BlackElo "2569"]
[TimeControl "180+1"]
[EndTime "9:43:16 PDT"]
[Termination "Staudenhocker43 won on time"]

1. b3 d5 2. Bb2 Bf5 3. Nf3 e6 4. e3 Nf6 5. d4 h6 6. Bd3 Bxd3 7. Qxd3 Nbd7 8. Nbd2 Be7 9. g4 c5 10. Rg1 Qb6 11.
a4 c4 12. Qe2 Rc8 13. a5 Qc6 14. bxc4 dxc4 15. c3 Ne4 16. Nxe4 Qxe4 17. Rc1 e5 18. Nd2 Qc6 19. Qf3 O-O 20. Qxc6 Rxc6 21. Ke2 Rfc8 22. Ra1 exd4 23. exd4 Nf6 24. Kf3 Nd5 25. Ne4 Rf8 26. Bc1 f5 27. gxf5 Rxf5+ 28. Kg2 Re6 29. Ng3 Rf7 30. Bd2 Bg5 31. Rge1 Bxd2 32. Rxe6 Nf4+ 33.
Kf1 Nxe6 34. Ne4 Bf4 35. Rb1 Bxh2 36. Kg2 Bf4 37. Rb4 Rc7 38. Rb5 a6 39. Rf5 g6 40.
Rf6 Re7 41. Rxg6+ Kh7 0-1

[Event "Early-Titled-Tuesday-Blitz-March-26-2024"]
[Site "Chess.com"]
[Date "2024.03.26"]
[Round "9"]
[White "jinbojinbo"]
[Black "vlad10898"]
[Result "0-1"]
[WhiteElo "2640"]
[BlackElo "2868"]
[TimeControl "180+1"]
[EndTime "9:43:18 PDT"]
[Termination "vlad10898 won on time"]

1. e4 c5 2. Nf3 e6 3. d4 cxd4 4. Nxd4 Nf6 5. Nc3 Nc6 6. Nxc6 bxc6 7. e5 Nd5 8. Ne4 Qc7 9. f4 Qb6 10. c4 Ne3 11. Qd3 Bb4+ 12. Ke2 Nxc4 13. Kf3 Ba6 14. Kg3 Nd2 15. Nd6+ Kf8 16. Qxd2 Bxd2 17. Bxd2 Bxf1 18. Rhxf1 Qxb2 19. Rfd1 g5 20. Rab1 gxf4+ 21. Bxf4 Qc3+ 22. Kf2 Rg8 23. g3 Ke7 24. Rb7 Rgb8 25. Nc8+ Kf8 26.
Bh6+ Kg8 27. Ne7+ Kh8 28. Rbxd7 Rb2+ 29. R1d2 Rxd2+ 30. Bxd2 Qxe5 31. Be3 c5 32. Bf4 Qb2+ 33.
Kf3 Re8 34. Nc6 Qc3+ 35. Kg4 Qg7+ 36. Kh3 Qg6 37. Be5+ f6 38. Bd6 Qf5+ 39. Kh4 Qe4+ 40. Kh5 Qxc6 0-1

[Event "Early-Titled-Tuesday-Blitz-March-26-2024"]
[Site "Chess.com"]
[Date "2024.03.26"]
[Round "9"]
[White "Hui_Li_Macau"]
[Black "Kapitan_Bayan"]
[Result "1-0"]
[WhiteElo "2388"]
[BlackElo "2283"]
[TimeControl "180+1"]
[EndTime "9:43:18 PDT"]
[Termination "Hui_Li_Macau won on time"]

1. e4 c5 2. Nf3 d6 3. d4 cxd4 4.
Nxd4 Nf6 5. Nc3 a6 6. Be2 e5 7. Nb3 Be7 8. O-O O-O 9. Be3 Be6 10.
Qd2 Nbd7 11. a4 Rc8 12. a5 Qc7 13. Rfd1 Qc6 14. Bf3 Rfd8 15. Qe1 Bf8 16. Nc1 Bg4 17. Bxg4 Nxg4 18. Nd3 Nxe3 19. Qxe3 Nf6 20. h3 Rc7 21. Nb4 Qc4 22. Nbd5 Nxd5 23. Nxd5 Rc6 24. b3 Qxc2 25. Nb4 Qc3 26. Nxc6 Qxe3 27. Ne7+ Bxe7 28. fxe3 Rc8 29. Rac1 Rc6 30. Rc4 Kf8 31. Kf2 Ke8 32. Ke2 Kd7 33. Rdc1 Bd8 34. b4 Be7 35. Kd3 Bd8 36. Rb1 Bg5 37.
b5 Rxc4 38. Kxc4 1-0

[Event "Early-Titled-Tuesday-Blitz-March-26-2024"]
[Site "Chess.com"]
[Date "2024.03.26"]
[Round "9"]
[White "Kirill_Klukin"]
[Black "Zavgorodniy_Sergiy"]
[Result "0-1"]
[WhiteElo "2821"]
[BlackElo "2646"]
[TimeControl "180+1"]
[EndTime "9:43:19 PDT"]
[Termination "Zavgorodniy_Sergiy won by resignation"]

1. Nf3 d5 2. e3 Nf6 3. c4 dxc4 4. Bxc4 e6 5. O-O a6 6. d4 b5 7. Be2 Bb7 8. b3 Nbd7 9. Bb2 c5 10. a4 b4 11. Nbd2 Be7 12. Nc4 O-O 13. Nfe5 cxd4 14. Nxd7 Nxd7 15. Bxd4 Bf6 16. Rc1 Bxd4 17. Qxd4 Nf6 18.
Qxd8 Rfxd8 19. Na5 Bd5 20. Bc4 Ne4 21. Bxd5 Rxd5 22. Nc6 Rd3 23. Nxb4 Rxb3 24. Nxa6 Ra3 25. Nc7 Rd8 26. Ra1 Rxa1 27. Rxa1 Nc5 28. g3 Rc8 29. Nb5 Ra8 30. Nc3 g6 31. Kf1 Kg7 32. Ke2 Kf6 33.
Ra2 Ra5 34. e4 e5 35. Kd2 Ke6 36. Kc2 h5 37. Kb2 Nd3+ 38. Kb3 Nc1+ 39. Kb4 Nxa2+ 40. Nxa2 Ra8 41. Nc3 Kd6 42. Kc4 Rc8+ 43. Kb4 Rb8+ 44. Nb5+ Kc6 45. Kc4 Rd8 46. Kc3 Kc5 47. h4 Rd1 48. Kc2 Rf1 49. Nc3 Rxf2+ 50. Kb3 Rf3 51. a5 Rxg3 52. Kc2 Rxc3+ 53. Kxc3 Kb5 54. a6 Kxa6 55.
Kc4 f5 56. exf5 gxf5 57. Kd5 e4 58. Kd4 Kb6 59. Ke3 Kc6 0-1

[Event "Early-Titled-Tuesday-Blitz-March-26-2024"]
[Site "Chess.com"]
[Date "2024.03.26"]
[Round "9"]
[White "Aleksandar-Topalov"]
[Black "HajiyevKanan"]
[Result "0-1"]
[WhiteElo "2361"]
[BlackElo "2544"]
[TimeControl "180+1"]
[EndTime "9:43:19 PDT"]
[Termination "HajiyevKanan won by resignation"]

1. b3 c6 2. Bb2 d5 3. Nf3 Bg4 4.
Ne5 Bf5 5. d3 Nd7 6. Nxd7 Qxd7 7. Nd2 Nf6 8. Nf3 e6 9. e3 Bb4+ 10. c3 Bd6 11. Be2 O-O 12. Nh4 Rfe8 13. Nxf5 exf5 14.
O-O Qc7 15. g3 Be5 16. Qc2 a5 17. d4 Bd6 18. Qxf5 Ne4 19. Bd3 g6 20. Qg4 f5 21.
Qe2 a4 22. Bxe4 Rxe4 23. Qf3 h5 24. c4 Kf7 25. Bc3 h4 26. cxd5 hxg3 27. hxg3 cxd5 28. Rac1 Qe7 29. bxa4 Rxa4 30. Rc2 Rc4 31. Rfc1 Qc7 32.
Qd1 Ba3 33. Rb1 Rxc3 34. Rxc3 Qxc3 35. Rb3 Qc1 36. Rxb7+ Re7 37. Qxc1 Bxc1 38. Rb5 Rd7 39. Kf1 Ke6 40. Ke2 Rd6 41. Kd3 Ra6 42. a4 Rxa4 43. Rb6+ Kf7 44. Rb3 Ra3 45. Rxa3 Bxa3 46. f3 Bd6 47. g4 fxg4 48. fxg4 Kf6 49. e4 Kg5 50. exd5 Kxg4 51. Kc4 Kf5 52. Kb5 Kf6 53. Kc6 Ke7 0-1

[Event "Early-Titled-Tuesday-Blitz-March-26-2024"]
[Site "Chess.com"]
[Date "2024.03.26"]
[Round "9"]
[White "Witik"]
[Black "chess123456s"]
[Result "0-1"]
[WhiteElo "2732"]
[BlackElo "2587"]
[TimeControl "180+1"]
[EndTime "9:43:20 PDT"]
[Termination "chess123456s won by resignation"]

1. e4 e5 2. Nf3 Nc6 3. Nc3 Nf6 4. Bb5 Bb4 5. O-O O-O 6. d3 Bxc3 7. bxc3 d6 8. a4 a6 9. Bxc6 bxc6 10. h3 h6 11.
Re1 Rb8 12. d4 exd4 13. cxd4 Re8 14. e5 Nd5 15. Qd2 Bf5 16. Ba3 Nb6 17. exd6 Rxe1+ 18. Rxe1 cxd6 19. Qf4 Bxc2 20. Bxd6 Nd5 21. Qg3 Rb1 22. Rxb1 Bxb1 23. Bc5 Nc3 24. Qe5 Nxa4 25. Be7 Qe8 26. Qc7 Be4 27. Ne5 Bd5 28. Bb4 Nb2 29. Qb6 f6 30.
Ng4 Nd3 31. Ba5 Nf4 32. Qc7 Nxg2 33. Qg3 Kh8 34. f3 Ne3 35. Bd2 Nxg4 36. hxg4 Qe2 37. Qf2 Qxf3 0-1

[Event "Early-Titled-Tuesday-Blitz-March-26-2024"]
[Site "Chess.com"]
[Date "2024.03.26"]
[Round "9"]
[White "reevecanada"]
[Black "Slovineanu"]
[Result "1-0"]
[WhiteElo "2675"]
[BlackElo "2538"]
[TimeControl "180+1"]
[EndTime "9:43:20 PDT"]
[Termination "reevecanada won by resignation"]

1. e4 e5 2. Nf3 Nc6 3. b3 Bc5 4. Bb2 d6 5. Be2 Nf6 6. d3 O-O 7. O-O a5 8. c3 Re8 9. Nbd2 Bb6 10. a3 d5 11. Qc2 dxe4 12. dxe4 Qe7 13. Nc4 Ba7 14. b4 b5 15. Nxa5 Nxa5 16. bxa5 Bb7 17. Bd3 Bc5 18. c4 bxc4 19. Qxc4 Rxa5 20. Bxe5 Rxa3 21.
Rxa3 Bxa3 22. Bxf6 gxf6 23. Nh4 Bxe4 24. Re1 Bxd3 25.
Rxe7 Bxc4 26. Rxe8+ Kg7 27. Nf5+ Kg6 28. Ne7+ Kg5 29.
g3 Be6 30. Kg2 Bxe7 31. Rxe7 c5 32. Rc7 c4 33. Rc5+ Kg6 34. Kf3 h5 35. Kf4 Kh6 36.
h4 Kg6 37. f3 Kh6 38. Ke4 Kg6 39.
Kd4 f5 40. Ke5 Kg7 41. Rc7 Kg6 42. Rc6 Kg7 43. Kd6 Kf6 44. Rc5 f4 45. gxf4 Kg6 46.
Rg5+ Kf6 47. Rxh5 c3 48. Rc5 c2 49. Rxc2 Kf5 50. h5 Kxf4 51. h6 Bf5 52. Rg2 Kxf3 53. Rg7 f6 54. h7 Bxh7 55. Rxh7 f5 56. Ke5 1-0

[Event "Early-Titled-Tuesday-Blitz-March-26-2024"]
[Site "Chess.com"]
[Date "2024.03.26"]
[Round "9"]
[White "ArchibaldCerveza29"]
[Black "ChelsieMonica"]
[Result "0-1"]
[WhiteElo "2382"]
[BlackElo "2552"]
[TimeControl "180+1"]
[EndTime "9:43:24 PDT"]
[Termination "ChelsieMonica won on time"]

1. e4 e5 2. f4 d5 3. exd5 exf4 4. Nf3 Bd6 5. Bb5+ c6 6. dxc6 bxc6 7. Bc4 Nf6 8. d4 O-O 9. O-O Nd5 10. Re1 Bg4 11.
Nc3 Nxc3 12. bxc3 Nd7 13. Qd3 Bh5 14. Ne5 Bxe5 15. dxe5 Bg6 16. Qf3 Nb6 17. Bb3 c5 18. e6 fxe6 19. Bxe6+ Kh8 20. Ba3 Qg5 21. Qg4 Qxg4 22.
Bxg4 Bf5 23. Bf3 Rac8 24. Be4 Bd7 25. Rad1 Ba4 26. Bf3 Nc4 27. Bc1 Bxc2 28. Rd7 a5 29. Ree7 Rce8 30. Rxg7 Re1+ 31. Kf2 Rxc1 32. Bd5 Ne3 33.
Bb3 Rf1+ 34. Ke2 Be4 35. g3 Rh1 36. gxf4 Nf1 37. Bd5 Rxh2+ 38. Kxf1 Bd3+ 39. Kg1 Rh4 0-1

[Event "Early-Titled-Tuesday-Blitz-March-26-2024"]
[Site "Chess.com"]
[Date "2024.03.26"]
[Round "9"]
[White "AlexeiShirov"]
[Black "artooon"]
[Result "0-1"]
[WhiteElo "2846"]
[BlackElo "3020"]
[TimeControl "180+1"]
[EndTime "9:43:25 PDT"]
[Termination "artooon won by resignation"]

1. e4 e5 2. Nf3 Nc6 3. Bc4 Nf6 4. d3 Bc5 5. Bg5 h6 6. Bh4 Be7 7. a4 d6 8. Bg3 Be6 9. Bxe6 fxe6 10. c3 Qd7 11. b4 O-O 12. b5 Nd8 13. Nbd2 Qe8 14. d4 exd4 15. Nxd4 Nh5 16. O-O Bf6 17. Nc4 Kh8 18.
Re1 Qg6 19. e5 Nxg3 20. exf6 Nh5 21. fxg7+ Kxg7 22. Re3 Kh7 23. Rh3 Nf4 24. Rg3 Qf6 25. Qc2+ Kh8 26. Re1 e5 27. Nf3 Nde6 28. Ne3 Qf7 29.
Ng4 h5 30. Ngxe5 dxe5 31. Nxe5 Qf5 32. Ng6+ Nxg6 33. Qxf5 Rxf5 34. Rxe6 Nf8 35. Re7 Rd8 36. h4 Rd7 37. Rge3 Rxe7 38. Rxe7 Rc5 39. f3 Ng6 40. Re8+ Kg7 41. Kf2 Rxc3 42. Kg3 Rc4 43. Rb8 b6 44. a5 bxa5 45. Rb7 Kf6 46. Rxa7 a4 47. Ra6+ Kf5 48. b6 cxb6 49. Rxb6 Nxh4 50. Rh6 Kg5 51. Ra6 Nf5+ 52. Kh2 h4 53. Ra5 Kf4 0-1

[Event "Early-Titled-Tuesday-Blitz-March-26-2024"]
[Site "Chess.com"]
[Date "2024.03.26"]
[Round "9"]
[White "temus_galaktionov"]
[Black "NikitaShnadrygin"]
[Result "1/2-1/2"]
[WhiteElo "2869"]
[BlackElo "2655"]
[TimeControl "180+1"]
[EndTime "9:43:25 PDT"]
[Termination "Game drawn by repetition"]

1. d4 d5 2. c4 Nc6 3. cxd5 Qxd5 4. e3 e5 5. Nc3 Bb4 6. Bd2 Bxc3 7. bxc3 Nf6 8. c4 Qd6 9. d5 Ne7 10. Qb3 Nd7 11. Bb4 Nc5 12. Qa3 b6 13. Nf3 a5 14.
Bxc5 bxc5 15. Bd3 f5 16. Bc2 O-O 17. Qc3 Ng6 18. h4 e4 19. h5 Ne7 20. Ng5 Rf6 21. Rd1 Rh6 22. Ke2 Bd7 23. a3 a4 24. Rh4 Rb8 25.
g3 Qf6 26. Qxf6 Rxf6 27. Kd2 Nc8 28. Kc3 Nd6 29. Rhh1 Rh6 30. Rdg1 Rf6 31. Nh3 Rb6 32. Nf4 Rf8 33. Rb1 Rfb8 34. Rxb6 cxb6 35. Rb1 b5 36. cxb5 Nxb5+ 37. Kd2 Ra8 38. Ra1 Kf8 39. Ne2 Ke7 40. Nc3 Nd6 41. Ne2 Rb8 42. Kc3 Nb5+ 43. Kd2 Nd6 44. Kc3 Nb5+ 45. Kc4 Nd6+ 46. Kc3 1/2-1/2

[Event "Early-Titled-Tuesday-Blitz-March-26-2024"]
[Site "Chess.com"]
[Date "2024.03.26"]
[Round "9"]
[White "mary-sanna"]
[Black "orkinyo12345"]
[Result "0-1"]
[WhiteElo "2220"]
[BlackElo "2525"]
[TimeControl "180+1"]
[EndTime "9:43:25 PDT"]
[Termination "orkinyo12345 won on time"]

1. d4 d6 2. Nf3 Nf6 3. Nc3 g6 4. e4 Bg7 5. h3 O-O 6. Bg5 h6 7.
Be3 a6 8. Qd2 Kh7 9. g4 b5 10.
a3 Bb7 11. d5 c6 12. g5 hxg5 13. Nxg5+ Kg8 14. Bg2 cxd5 15. exd5 Nbd7 16. Nge4 Rc8 17. Rd1 Rc4 18. Bh6 Nxe4 19. Nxe4 Rd4 20. Qe3 Rxd1+ 21. Kxd1 Bxb2 22. Bxf8 Qxf8 23. Ng5 Bf6 24. h4 Ne5 25. h5 Ng4 26. Qf4 Bxg5 27. Qxg4 Bf6 28. hxg6 fxg6 29. Qe6+ Kg7 30. Be4 Bc8 31. Rh7+ Kxh7 32. Bxg6+ Kxg6 33. Qe4+ Bf5 34. Qg2+ Kf7 35. f4 Bg6 36. Qf3 Bf5 37. Kd2 Qh6 38. Ke3 Qh3 0-1

[Event "Early-Titled-Tuesday-Blitz-March-26-2024"]
[Site "Chess.com"]
[Date "2024.03.26"]
[Round "9"]
[White "jcmesafischer"]
[Black "amanjazu"]
[Result "1-0"]
[WhiteElo "2372"]
[BlackElo "2516"]
[TimeControl "180+1"]
[EndTime "9:43:26 PDT"]
[Termination "jcmesafischer won by resignation"]

1. e4 c5 2. Nf3 e6 3. c3 Nc6 4. g3 d5 5. e5 b6 6. Bg2 Ba6 7. d3 Nge7 8. O-O Ng6 9. Re1 Be7 10.
h4 h5 11. Bg5 Bxg5 12. Nxg5 Qc7 13. d4 O-O-O 14. Nd2 c4 15. b3 b5 16. b4 Kb8 17.
Bf3 Qe7 18. Bxh5 Nxh4 19. gxh4 g6 20. Bf3 Rxh4 21. Nge4 dxe4 22. Nxe4 Rdh8 23. Qd2 Bb7 24. Nc5 Kc8 25. Nxb7 Qxb7 26. d5 exd5 27. Qxd5 Rd8 28. Qxc6+ Qxc6 29. Bxc6 Rd3 30. Re3 Rxe3 31. fxe3 a6 32.
Rf1 Kc7 33. Bg2 Rh7 34. Rf6 Kd7 35. Rxa6 Ke7 36. Rb6 Rh4 37. Rxb5 Rg4 38. a4 Rg5 39. a5 f6 40. exf6+ Kxf6 41. Rxg5 Kxg5 42. a6 1-0

[Event "Early-Titled-Tuesday-Blitz-March-26-2024"]
[Site "Chess.com"]
[Date "2024.03.26"]
[Round "9"]
[White "Polish_fighter3000"]
[Black "Msb2"]
[Result "1/2-1/2"]
[WhiteElo "3118"]
[BlackElo "3046"]
[TimeControl "180+1"]
[EndTime "9:43:28 PDT"]
[Termination "Game drawn by repetition"]

1. c4 e6 2. Nf3 d5 3. d4 Nf6 4. g3 Nc6 5. Bg2 Bd6 6. O-O O-O 7. Nbd2 a5 8. a3 a4 9. Qc2 Bd7 10. Rd1 Na5 11. Ne5 Be8 12. Nd3 h6 13. cxd5 exd5 14.
Nf3 Nb3 15. Rb1 Bb5 16. Bd2 Re8 17. Bc3 Ne4 18. e3 Qf6 19. Nfe5 Nxc3 20. Qxc3 c6 21. Nd7 Qf5 22. N7c5 Nxc5 23. Nxc5 Bxc5 24. Qxc5 h5 25.
Rbc1 h4 26. Qc2 Qg5 27. Bf1 Bxf1 28. Rxf1 Re4 29. Qd1 Qf5 30. Rc3 Rae8 31. Qxa4 R8e6 32. Qd1 Rg6 33. f3 Qh3 34. fxe4 Rxg3+ 35. Kf2 Qxh2+ 36. Ke1 Rg2 37. Qf3 Rxb2 38. Qxf7+ Kh7 39. Qh5+ Kg8 40.
Qf7+ Kh7 41. Qf5+ Kg8 42. Qe6+ Kh7 43. Qf5+ Kg8 44. Qf7+ 1/2-1/2

[Event "Early-Titled-Tuesday-Blitz-March-26-2024"]
[Site "Chess.com"]
[Date "2024.03.26"]
[Round "9"]
[White "Elegance_Riks"]
[Black "JimDiGrease"]
[Result "0-1"]
[WhiteElo "2787"]
[BlackElo "2951"]
[TimeControl "180+1"]
[EndTime "9:43:28 PDT"]
[Termination "JimDiGrease won by resignation"]

1. Nf3 d5 2. g3 Nf6 3. Bg2 c5 4. O-O e6 5. c4 d4 6. e3 Nc6 7. exd4 cxd4 8. d3 Bd6 9. Bg5 h6 10. Bxf6 Qxf6 11. Nbd2 Qe7 12. a3 a5 13. Nb3 Qf6 14. Nbd2 Bc7 15. c5 O-O 16. Re1 Rd8 17.
Rb1 a4 18. Nc4 Qe7 19. Nfe5 Nxe5 20. Nxe5 Qxc5 21. Rc1 Qb6 22. Nc4 Qb5 23. Qf3 Rb8 24. Nd2 Ba5 25. Rc2 Bd7 26. Rec1 Bxd2 27. Rxd2 Rbc8 28.
Rdc2 Rxc2 29. Rxc2 Bc6 30. Qe2 Rd6 31. Rc4 Bxg2 32.
Kxg2 Qd5+ 33. Qf3 b5 34. Rc8+ Kh7 35. Rc7 f5 36. Qxd5 Rxd5 37. f4 Kg6 38. Rc6 Kf7 39. h4 g5 40. hxg5 hxg5 41. Kf3 g4+ 42. Kf2 Ke7 43. Rb6 Rc5 44. Ke1 Rc1+ 45. Kd2 Rg1 46. Rxb5 Rg2+ 47. Kc1 Rxg3 48. Kc2 Rf3 49. Rb4 g3 50. Rxa4 g2 51. Ra7+ Kf6 52. Ra8 g1=Q 0-1

[Event "Early-Titled-Tuesday-Blitz-March-26-2024"]
[Site "Chess.com"]
[Date "2024.03.26"]
[Round "9"]
[White "Predator0608"]
[Black "InitiatingASC"]
[Result "0-1"]
[WhiteElo "2531"]
[BlackElo "2381"]
[TimeControl "180+1"]
[EndTime "9:43:28 PDT"]
[Termination "InitiatingASC won by checkmate"]

1. Nf3 Nf6 2. g3 g6 3. b3 Bg7 4. Bb2 O-O 5. Bg2 c5 6. O-O d6 7.
c4 Nc6 8. d3 Bd7 9. Nbd2 Ne8 10. Bxg7 Nxg7 11. e3 e5 12. Ne4 Qe7 13. Nc3 Be6 14. d4 cxd4 15. exd4 Bg4 16. Nd5 Qd8 17. dxe5 dxe5 18. Qd2 Ne6 19. Rfe1 Bxf3 20. Bxf3 Ned4 21. Bg2 Kg7 22. Rxe5 Nf3+ 23. Bxf3 Nxe5 24. Bg2 f6 25. Qb4 Rf7 26. Rd1 Qf8 27. Qc3 Rd8 28. Re1 Qd6 29. h3 Nc6 30. g4 Ne7 31. Ne3 Qd2 32. Qa1 Nc6 33. Bxc6 bxc6 34. Rd1 Qa5 35. Re1 Rfd7 36. a3 Rd2 37. b4 Qe5 38. Qc1 Qf4 39. Rf1 Ra2 40. Qc3 Rdd2 41. c5 Rxf2 42. Rd1 Qg3+ 43. Kh1 Qh2# 0-1

[Event "Early-Titled-Tuesday-Blitz-March-26-2024"]
[Site "Chess.com"]
[Date "2024.03.26"]
[Round "9"]
[White "Josgar05"]
[Black "venturov"]
[Result "1/2-1/2"]
[WhiteElo "2375"]
[BlackElo "2514"]
[TimeControl "180+1"]
[EndTime "9:43:28 PDT"]
[Termination "Game drawn - insufficient material"]

1. Nf3 g6 2. d4 Nf6 3. e3 Bg7 4. b3 O-O 5. Bb2 d6 6. c4 Nbd7 7. Be2 e5 8. dxe5 Ng4 9. O-O Ndxe5 10. Nxe5 Nxe5 11. Nc3 Bd7 12. Qd2 a5 13. Rad1 Bc6 14.
Nd5 Bxd5 15. cxd5 Nd7 16. Bxg7 Kxg7 17. Rc1 Nc5 18. Rc4 f5 19. a3 Qf6 20. b4 axb4 21.
axb4 Na6 22. Rfc1 Rf7 23. g3 Re8 24. R4c2 f4 25. exf4 Ree7 26. Bd3 Nb8 27. Bf1 h5 28. Bh3 Na6 29. Be6 Rf8 30. Rc4 h4 31. Qd4 Qxd4 32. Rxd4 c5 33. bxc5 Nxc5 34. Rb1 Ra8 35. Rb6 Nxe6 36. dxe6 h3 37. Rbxd6 Rxe6 38. Rd7+ Kf6 39.
Rd1 Ra2 40. Rxb7 Ree2 41. Rd6+ Kf5 42. Rf7+ Kg4 43. f3+ Kxf3 44. Rd3+ Ke4 45. Rd1 Rg2+ 46. Kf1 Raf2+ 47. Ke1 Re2+ 48. Kf1 Ref2+ 49. Ke1 Re2+ 50. Kf1 Rxh2 51. Re7+ Kf3 52. Rd3+ Kg4 53. Rxe2 Rxe2 54. Kxe2 h2 55. Rd1 Kxg3 56. Ke3 Kg2 57. Ke4 h1=Q 58. Rxh1 Kxh1 59. Ke5 Kg2 60. Kf6 Kf3 61. Kg5 Ke4 62. Kxg6 Kxf4 1/2-1/2

[Event "Early-Titled-Tuesday-Blitz-March-26-2024"]
[Site "Chess.com"]
[Date "2024.03.26"]
[Round "9"]
[White "MyDream003"]
[Black "Matrix3x3a"]
[Result "0-1"]
[WhiteElo "2784"]
[BlackElo "2637"]
[TimeControl "180+1"]
[EndTime "9:43:30 PDT"]
[Termination "Matrix3x3a won on time"]

1. Nf3 Nf6 2. c4 c5 3. Nc3 Nc6 4. g3 d5 5. cxd5 Nxd5 6. Bg2 Nc7 7. O-O e5 8. d3 Be7 9. Nd2 Be6 10. Bxc6+ bxc6 11.
b3 O-O 12. Ba3 Nb5 13. Bb2 f5 14. Nxb5 cxb5 15. Bxe5 a5 16. a4 Qd5 17. f4 c4 18.
bxc4 bxc4 19. Nxc4 Bc5+ 20. e3 Rfd8 21. d4 Ba7 22.
Nd2 Rac8 23. Qf3 Qd7 24. Rfc1 Bd5 25. Qf2 Ba8 26. h3 Rc6 27. Kh2 Rdc8 28. Nb3 Rxc1 29.
Nxc1 Qc6 30. Nd3 Qe4 31. Rd1 Rc3 32. Nc1 Rxe3 33. h4 Bd5 34. h5 Kf7 35. h6 gxh6 36. Rf1 Rc3 37. Kh3 Rc2 38. Qg1 Kg6 39. Rf2 Rxf2 40.
Qxf2 Qh1+ 41. Qh2 Bg2+ 0-1

[Event "Early-Titled-Tuesday-Blitz-March-26-2024"]
[Site "Chess.com"]
[Date "2024.03.26"]
[Round "9"]
[White "baki83"]
[Black "Grischuk"]
[Result "1/2-1/2"]
[WhiteElo "2894"]
[BlackElo "3067"]
[TimeControl "180+1"]
[EndTime "9:43:31 PDT"]
[Termination "Game drawn by agreement"]

1. e4 e5 2. Nf3 Nc6 3. Bb5 a6 4. Ba4 Bc5 5. c3 Nge7 6. d4 exd4 7. cxd4 Bb4+ 8. Nc3 d5 9. O-O dxe4 10. Nxe4 O-O 11. a3 Bd6 12. Bg5 f6 13. Bb3+ Kh8 14. Bh4 Bg4 15.
Ba2 Nf5 16. Bg3 Nfxd4 17. Nxd6 cxd6 18. Bd5 Rc8 19. Bxc6 Nxc6 20. h3 Bxf3 21. Qxf3 Qe7 22. Rad1 Ne5 23. Qb3 Rc6 24. Rd5 h6 25. Rfd1 Rfc8 26.
Kh2 b5 27. Qe3 Qc7 28. Qe4 Nc4 29.
b3 Ne5 30. Qf5 Re8 31. Qh5 Re6 32. Qf5 Qe7 33. Bf4 Rc3 34. Qb1 Nf7 35. Bg3 Rc6 36. a4 bxa4 37. bxa4 Rc5 38. Bxd6 Rxd6 39. Qb8+ Kh7 40.
Rxd6 Nxd6 41. Qxd6 Qe5+ 42. Qxe5 Rxe5 43. Rd6 a5 44.
Rd4 g5 45. Kg3 1/2-1/2

[Event "Early-Titled-Tuesday-Blitz-March-26-2024"]
[Site "Chess.com"]
[Date "2024.03.26"]
[Round "9"]
[White "azikom"]
[Black "KetiTsatsalashvili"]
[Result "1-0"]
[WhiteElo "2619"]
[BlackElo "2454"]
[TimeControl "180+1"]
[EndTime "9:43:31 PDT"]
[Termination "azikom won on time"]

1. c4 e6 2. Nc3 d5 3. e3 Nf6 4.
d4 c5 5. cxd5 exd5 6. Bb5+ Nc6 7. Nf3 Bd6 8. dxc5 Bxc5 9. O-O O-O 10. Bxc6 bxc6 11. b3 Bg4 12. Bb2 Bd6 13. Ne2 Ne4 14. Ng3 Re8 15. Rc1 Rc8 16. Qd4 Bf8 17. Ne5 Nxg3 18. hxg3 Bd7 19. Qxa7 Rc7 20. Qd4 c5 21. Qxd5 Bb5 22. Qxd8 Rxd8 23. Rfd1 Ra8 24. a4 Be8 25. Ba3 f6 26. Nc4 Rb8 27. Rc3 Rcb7 28. Nd2 Rd8 29. Kf1 Rbd7 30. Ke1 Bh5 31. f3 Bd6 32. g4 Bg3+ 33. Ke2 Bg6 34. e4 Bf4 35. Bc1 Bf7 36. a5 Rd4 37. a6 Be8 38. Rxc5 R4d6 39. a7 R6d7 40. Rd5 Rxd5 41. exd5 Bb5+ 42. Nc4 Bg3 43. Be3 f5 44. gxf5 Ra8 45. d6 Bxd6 46. Rxd6 1-0

[Event "Early-Titled-Tuesday-Blitz-March-26-2024"]
[Site "Chess.com"]
[Date "2024.03.26"]
[Round "9"]
[White "Karttunen"]
[Black "balack95"]
[Result "1-0"]
[WhiteElo "2722"]
[BlackElo "2455"]
[TimeControl "180+1"]
[EndTime "9:43:31 PDT"]
[Termination "Karttunen won on time"]

1. c4 e6 2. Nc3 d5 3. e3 Nf6 4. Nf3 Be7 5. b3 c5 6. cxd5 exd5 7. Bb5+ Nc6 8. d4 O-O 9. dxc5 a6 10. Bxc6 bxc6 11.
Na4 Ne4 12. Nd4 Bf6 13. O-O Bd7 14. Bb2 Qe7 15. Qc2 Rab8 16. f3 Ng5 17. Rae1 Rfe8 18. h4 Ne6 19. Nf5 Qf8 20. Bxf6 gxf6 21. Nd6 Re7 22. e4 d4 23. f4 Qg7 24. Rf3 Kh8 25. Nf5 Qf8 26. Nxe7 Qxe7 27. f5 Ng7 28. Qd2 Qe5 29.
Rd3 Nh5 30. Rxd4 Be8 31. Qf2 Kg7 32. Red1 Nf4 33. Qf3 Kh6 34. g3 Nh5 35. Kg2 a5 36. Qe3+ Kg7 37. Rf1 Rb4 38. Rxb4 axb4 39. g4 Bd7 40.
gxh5 Bxf5 41. Rxf5 Qa1 42. Rf2 Qd1 43. Qg3+ Kf8 44.
Qf3 1-0